 Dungeon Crawl Stone Soup version 0.27-a0-1220-g54dba09ff7 (webtiles) character file.

Game seed: 7508150416011525670

42 Delamore the Skirmisher (level 3, -2/30 HPs)
             Began as a Formicid Fighter on June 7, 2021.
             Killed from afar by Sigmund (3 damage)
             ... with a puff of flame
             ... on level 2 of the Dungeon.
             The game lasted 00:02:06 (1722 turns).

Delamore the Skirmisher (Formicid Fighter)          Turns: 1722, Time: 00:02:07

Health: -2/30      AC: 12    Str: 21    XL:     3   Next: 80%
Magic:  3/3        EV:  6    Int:  7    God:
Gold:   66         SH:  0    Dex: 10    Spells: 2/2 levels left

rFire    . . .     SeeInvis +   a - +0 trident
rCold    . . .     Faith    .   c - +0 kite shield
rNeg     . . .     Spirit   .   e - +0 chain mail
rPois    .         Reflect  .   (helmet unavailable)
rElec    .         Harm     .   (no cloak)
rCorr    .         Rampage  .   h - +2 pair of gloves
Will     .....                  (no boots)
Stlth    ..........             (no amulet)
HPRegen  0.10/turn              (no ring)
MPRegen  0.08/turn              (no ring)

@: confused
A: permanent stasis, dig shafts and tunnels, antennae 3, four strong arms
a: Dig, Shaft Self


You were on level 2 of the Dungeon.
You visited 1 branch of the dungeon, and saw 2 of its levels.

You collected 66 gold pieces.

Inventory:

Hand Weapons
 a - a +0 trident (weapon)
Missiles
 j - 10 poisoned darts
Armour
 b - a +0 scale mail
 c - a +0 kite shield (worn)
 e - a +0 chain mail (worn)
 h - a +2 pair of gloves (worn)
Potions
 d - a potion of might
 f - a potion of curing
 g - a potion of lignification {unknown}
 i - a potion of attraction {unknown}


   Skills:
 + Level 3.9 Fighting
 * Level 3.3 Polearms
 - Level 3.2 Armour
 - Level 3.6 Shields


You had 2 spell levels left.
You didn't know any spells.
Your spell library contained the following spells:

 Spells                   Type           Power      Damage    Failure   Level
 Animate Skeleton         Necr           0%         N/A       100%        1
 Pain                     Necr           0%         1d4       100%        1
 Vampiric Draining        Necr           0%         2d6       100%        3
 Animate Dead             Necr           0%         N/A       100%        4
 Agony                    Necr           0%         N/A       100%        5


Dungeon Overview and Level Annotations

Branches:
Dungeon (2/15)

Altars:

Annotations:
D:2 Sigmund


Innate Abilities, Weirdness & Mutations

You cannot be hasted, slowed, berserked, paralysed or teleported.
You can dig through walls and to a lower floor.
You have a pair of large antennae on your head. (SInv)
Your four strong arms can wield two-handed weapons with a shield.


Message History

Sigmund is heavily wounded.
Sigmund closely misses you.
You hit Sigmund.
Sigmund is heavily wounded.
Sigmund hits you with a +0 scythe.
You closely miss Sigmund.
Sigmund is heavily wounded.
Sigmund is suddenly surrounded by pale red light.
You block Sigmund's attack.
You barely miss Sigmund.
Sigmund is heavily wounded.
Sigmund hits you but does no damage. You block Sigmund's attack.
You hit Sigmund.
Sigmund is severely wounded.
Sigmund hits you with a +0 scythe!
You closely miss Sigmund.
Sigmund is severely wounded.
Sigmund hits you but does no damage.
You barely miss Sigmund.
Sigmund is severely wounded.
Sigmund hits you with a +0 scythe! You block Sigmund's attack.
You puncture Sigmund!
Sigmund is almost dead.
Sigmund hits you with a +0 scythe.
* * * LOW HITPOINT WARNING * * *
Sigmund hits you but does no damage.
Sigmund points at you and mumbles some strange words.
You are confused.
You're too confused to move!
Sigmund gestures at you while chanting.
The magic dart hits you but does no damage.
You bump into the rock wall.
Sigmund hits you with a +0 scythe!
* * * LOW HITPOINT WARNING * * *
Okay, then.
You closely miss Sigmund.
Sigmund is almost dead.
Sigmund gestures at you while chanting. The puff of flame hits you.
You die...

#....)...#.#.##.# #).......
#.########.#.##.# #........
#.# #...##.###........ #.#
#.#.##.##......... #.#
#.#.##.##......... #.#
#...##.##.........
##.########.#....##.........
#..........@.....##.#####.##
###########@###.###.#####.#
#.# #.###.##....# #.#
#..##.##.#### #.# #.###.##.#
#.# #.###.##.# #.#
#........# #.# #####.####
#.# #.# #.#######.#


You could see Sigmund (invisible).

Vanquished Creatures
  2 adders (D:2)
  2 worms (D:2)
  4 endoplasms (D:2)
  3 goblins
  2 kobolds
  3 bats
  A frilled lizard (D:1)
  2 rats (D:1)
19 creatures vanquished.

Notes
Turn   | Place    | Note
-------+----------+-------------------------------------------
     0 | D:1      | Delamore the Formicid Fighter began the quest for the Orb.
     0 | D:1      | Reached XP level 1. HP: 18/18 MP: 1/1
   608 | D:1      | Reached XP level 2. HP: 22/24 MP: 2/2
  1017 | D:2      | Reached XP level 3. HP: 15/30 MP: 3/3
  1435 | D:2      | Noticed Sigmund
  1721 | D:2      | HP: 1/30 [Sigmund/+0 scythe (8)]
  1722 | D:2      | Killed from afar by Sigmund

Illustrated notes

Levels and vault maps discovered:
D:1:      amcnicky_arrival_feature_with_door, layout_basic, serial_bayou_pond_a
D:2:      layout_basic, minmay_unequal, uniq_sigmund

Skill      XL: |  1  2 |
---------------+-------+-----
Polearms       | 3 |  3.3
Fighting       | |  3.9
Armour         | |  3.2
Shields        | |  3.6

Action                   || total
-------------------------++-------
Melee: Trident           ||    98
 Abil: Dig               ||     6
  Use: Scroll            ||     5
Armor: Scale mail        ||     6
       Chain mail        ||    30
Dodge: Dodged            ||    20
Block: Kite shield       ||    31

Table legend: (Time is in decaauts)
 A = Elapsed time spent in this place.
 B = Non-inter-level travel time spent in this place.
 C = Inter-level travel time spent in this place.
 D = Time resting spent in this place.
 E = Time spent auto-exploring this place.
 F = Levels seen in this place.
 G = Mean time per level.
                   A        B        C        D        E       F      G
               +--------+--------+--------+--------+--------+-----+--------+
         Total |   1760 |   1650 |    110 |     64 |   1278 |   2 |  880.0 |
       Dungeon |   1760 |   1650 |    110 |     64 |   1278 |   2 |  880.0 |
               +--------+--------+--------+--------+--------+-----+--------+

Top non-repeatable levels by time:
     D:1: 973 daAuts
     D:2: 786 daAuts
